Map: [ESL] Inside and Out

Players

FightingFrog

  • Race: Protoss Protoss
  • Spawn Location: 1:00

ShaDoWn - Winner!

  • Race: Protoss Protoss
  • Spawn Location: 7:00

Event: DreamHack SC2 Masters 2022 Valencia

VOD

Have the link to the VOD?

Description

Time

  • Played on: July 1, 2022, 11:09 a.m.
  • Length: 10:26

All games in this series

Show
View Real Time Build Order
Export as new Build Order

FightingFrog Protoss 

Build Orders: Phoenix Opening, Blink Stalkers 

Get SALT Encoding   

  12  0:00  Probe  
  13  0:12  Probe  
  14  0:19  Pylon  
  14  0:24  Probe (Chrono Boost)  
  15  0:37  Probe (Chrono Boost)  
  15  0:39  Gateway  
  16  0:45  Probe (Chrono Boost)  
  16  0:47  Assimilator  
  17  0:51  Probe  
  18  1:03  Probe (Chrono Boost)  
  19  1:05  Assimilator  
  19  1:12  Probe (Chrono Boost)  
  19  1:15  Pylon  
  19  1:18  Probe  
  21  1:30  Probe  
  22  1:35  Cybernetics Core  
  22  1:42  Probe  
  22  1:45  Pylon  
  23  1:57  Probe  
  24  2:09  Probe  
  25  2:17  Nexus  
  25  2:20  Warp Gate  
  25  2:24  Probe  
  26  2:34  Stargate  
  26  2:38  Probe  
  26  2:40  Sentry  
  29  2:50  Probe  
  30  2:54  Twilight Council  
  30  3:02  Probe  
  31  3:06  Shield Battery  
  30  3:14  Probe  
  30  3:19  Phoenix (Chrono Boost)  
  31  3:22  Shield Battery  
  31  3:24  Phoenix (Chrono Boost)  
  31  3:26  Probe  
  34  3:29  Probe  
  34  3:33  Blink (Chrono Boost)  
  35  3:38  Probe  
  36  3:43  Probe  
  35  3:50  Probe  
  35  3:53  Phoenix  
  37  3:55  Probe  
  37  4:02  Probe  
  37  4:07  Probe  
  37  4:11  Stalker  
  37  4:14  Probe  
  39  4:20  Probe  
  40  4:26  Probe  
  40  4:30  Phoenix  
  43  4:32  Probe  
  42  4:39  Probe  
  42  4:44  Probe  
  43  4:51  Probe  
  44  4:55  Stalker  
  44  4:56  Probe  
  47  5:01  Gateway x2  
  47  5:04  Probe  
  48  5:08  Probe  
  49  5:16  Probe  
  49  5:20  Stalker, Probe  
  53  5:22  Pylon  
  53  5:25  Robotics Facility  
  53  5:31  Pylon  
  53  5:34  Probe  
  54  5:39  Assimilator  
  54  5:40  Probe  
  54  5:42  Assimilator  
  55  5:44  Stalker, Pylon  
  57  5:55  Probe x2  
  59  5:57  Stalker x2  
  59  6:04  Pylon  
  63  6:06  Stalker  
  63  6:08  Pylon  
  65  6:11  Forge  
  65  6:17  Immortal (Chrono Boost)  
  67  6:29  Stalker x2  
  63  6:35  Stalker  
  63  6:39  Probe  
  66  6:47  Oracle (Chrono Boost)  
  66  6:50  Protoss Ground Weapons Level 1 (Chrono Boost)  
  66  6:52  Stalker  
  66  6:53  Stalker  
  67  7:11  Stalker  
  67  7:12  Immortal (Chrono Boost)  
  71  7:16  Stalker  
  71  7:17  Stalker  
  75  7:25  Gateway  
  75  7:26  Pylon  
  75  7:42  Stalker x3  
  77  7:50  Immortal (Chrono Boost)  
  79  8:10  Stalker x3  
  85  8:20  Stalker, Immortal (Chrono Boost)  
  85  8:25  Probe x2  
  91  8:35  Nexus  
  91  8:39  Pylon  
  91  8:40  Stalker  
  91  8:41  Stalker x2  
  97  8:45  Pylon  
  97  8:47  Sentry  
  99  8:55  Pylon  
  98  9:06  Stalker x3  
  104  9:11  Stalker, Pylon  
  104  9:13  Pylon  
  104  9:14  Robotics Bay  
  104  9:15  Pylon  
  102  9:21  Probe  
  95  9:31  Stalker x3  
  95  9:46  Immortal (Chrono Boost)  
  95  9:47  Probe  
  95  9:48  Zealot  
  92  10:06  Zealot x3  
Show
View Real Time Build Order
Export as new Build Order

ShaDoWn Protoss - Winner!

Build Orders: Oracle Opening 

Get SALT Encoding   

  12  0:00  Probe  
  13  0:12  Probe  
  14  0:19  Pylon  
  14  0:24  Probe  
  15  0:37  Probe (Chrono Boost)  
  15  0:38  Gateway  
  16  0:47  Assimilator  
  16  0:48  Probe (Chrono Boost)  
  17  0:52  Probe (Chrono Boost)  
  18  0:58  Assimilator  
  18  1:03  Probe (Chrono Boost)  
  19  1:06  Pylon  
  19  1:13  Probe (Chrono Boost)  
  20  1:18  Probe (Chrono Boost)  
  20  1:25  Cybernetics Core  
  21  1:30  Probe  
  25  1:54  Nexus  
  22  1:57  Probe  
  23  2:10  Probe  
  23  2:14  Stargate  
  24  2:20  Stalker  
  26  2:23  Probe  
  26  2:26  Warp Gate  
  27  2:36  Probe  
  28  2:40  Pylon  
  28  2:50  Probe  
  29  2:55  Oracle (Chrono Boost)  
  32  3:01  Shield Battery  
  32  3:02  Probe  
  33  3:07  Stalker  
  33  3:10  Probe  
  36  3:17  Oracle  
  36  3:18  Probe  
  37  3:22  Probe  
  40  3:34  Probe (Chrono Boost)  
  41  3:35  Probe (Chrono Boost)  
  42  3:43  Gateway  
  42  3:44  Probe (Chrono Boost)  
  42  3:45  Probe (Chrono Boost)  
  44  3:49  Probe (Chrono Boost)  
  44  3:54  Probe  
  46  4:01  Probe  
  47  4:06  Probe  
  47  4:08  Gateway  
  45  4:11  Twilight Council  
  45  4:13  Probe  
  46  4:18  Probe  
  47  4:25  Probe  
  47  4:30  Probe  
  49  4:37  Probe  
  50  4:38  Assimilator  
  50  4:39  Pylon  
  50  4:41  Robotics Facility  
  50  4:43  Probe, Blink (Chrono Boost)  
  48  4:47  Stalker  
  48  4:49  Probe  
  48  4:51  Nexus  
  51  4:55  Probe  
  52  5:01  Pylon  
  52  5:02  Probe  
  52  5:05  Stalker x2  
  56  5:08  Probe  
  57  5:14  Probe  
  57  5:16  Stalker  
  57  5:21  Probe  
  59  5:24  Pylon  
  59  5:26  Probe  
  59  5:28  Observer, Stalker x2  
  64  5:33  Probe  
  65  5:38  Probe  
  65  5:40  Stalker  
  68  5:45  Probe  
  68  5:46  Pylon  
  69  5:50  Probe  
  69  5:52  Stalker x2  
  74  5:57  Probe  
  74  6:02  Probe  
  74  6:04  Stalker, Probe  
  77  6:09  Probe  
  80  6:11  Forge  
  80  6:12  Charge (Chrono Boost)  
  80  6:14  Probe  
  80  6:16  Stalker x2, Probe  
  84  6:21  Probe  
  85  6:26  Probe  
  82  6:33  Probe  
  82  6:34  Stalker  
  82  6:39  Probe  
  86  6:41  Stalker x2  
  86  6:43  Assimilator  
  86  6:44  Assimilator  
  86  6:45  Photon Cannon  
  86  6:46  Photon Cannon  
  89  6:49  Photon Cannon  
  89  6:51  Protoss Ground Weapons Level 1 (Chrono Boost)  
  89  6:54  Probe x2  
  89  7:07  Stalker x3  
  88  7:08  Probe  
  88  7:11  Probe  
  88  7:13  Probe  
  88  7:18  Gateway  
  88  7:19  Gateway  
  88  7:20  Probe  
  88  7:21  Gateway  
  88  7:22  Observer  
  90  7:27  Pylon  
  90  7:30  Stalker x2  
  90  7:31  Stalker  
  90  7:33  Pylon  
  90  7:34  Probe  
  87  7:54  Stalker x3, Warp Prism (Chrono Boost)  
  87  7:57  Gateway  
  87  7:58  Gateway  
  95  8:03  Probe  
  94  8:12  Probe  
  94  8:18  Stalker x4, Gateway  
  100  8:21  Stalker  
  102  8:27  Stalker  
  102  8:34  Probe  
  101  8:41  Probe  
  101  8:43  Zealot x4  
  101  8:45  Zealot  
  112  8:50  Zealot  
  112  8:52  Zealot  
  116  8:59  Pylon x2  
  116  9:15  Pylon  
  112  9:19  Zealot x3  
  112  9:20  Zealot x6  
  100  9:24  Zealot x8  
  100  9:25  Zealot  
  116  9:44  Zealot  
  116  9:45  Zealot x7  
  132  9:48  Zealot  
  124  10:06  Zealot x8  

Tags
 
Add a new tag
Caveats
  • Supply blocks, unpowered buildings, or Contaminate may cause inaccurate times.
  • Supply counts are checked every 10 seconds.